 Dungeon Crawl Stone Soup version 0.17-a0-1617-gfba1302 (webtiles) character file.

84 spinkules the Chopper (level 4, -2/60 HPs)
             Began as a Minotaur Berserker on Aug 1, 2015.
             Was a Believer of Trog.
             Killed from afar by Jessica (8 damage)
             ... with a wand of magic darts
             ... on level 3 of the Dungeon.
             The game lasted 00:04:15 (1271 turns).

spinkules the Chopper (Minotaur Berserker)          Turns: 1271, Time: 00:04:15

Health: -2/60      AC:  9    Str: 27    XL:     4   Next: 24%
Magic:  3/3        EV:  9    Int:  5    God:    Trog [**....]
Gold:   150        SH:  0    Dex:  9    Spells: 0 memorised, 3 levels left

rFire  . . .     SeeInvis .     a - +0 hand axe
rCold  . . .     Clarity  .     s - +0 chain mail
rNeg   . . .     SustAt   .     (no shield)
rPois  .         Gourm    .     (helmet restricted)
rElec  .         Spirit   .     (no cloak)
rCorr  +         Warding  .     n - +0 pair of gloves
rMut   .         Stasis   .     (no boots)
MR     ++...                    k - amulet of resist corrosion
Stlth  ..........               (no ring)
                                (no ring)

@: berserking, lethally poisoned (-2 -> -2), regenerating, very quick, very
resistant to hostile enchantments, extremely unstealthy
A: retaliatory headbutt, horns 2
a: Burn Spellbooks, Berserk, Trog's Hand, Renounce Religion


You were on level 3 of the Dungeon.
You worshipped Trog.
Trog was pleased with you.
You were hungry.

You visited 1 branch of the dungeon, and saw 3 of its levels.

You collected 150 gold pieces.

Inventory:

Hand weapons
 a - a +0 hand axe (weapon)
Armour
 b - a +0 animal skin
 n - a +0 pair of gloves (worn)
 s - a +0 chain mail (worn)
Jewellery
 j - an uncursed amulet of resist mutation
 k - an amulet of resist corrosion (around neck)
 l - a +2 ring of evasion {unknown}
Scrolls
 g - a scroll of enchant weapon {unknown}
 h - a scroll of magic mapping {unknown}
 i - a scroll of identify {unknown}
 p - a scroll of remove curse {unknown}
Potions
 d - a potion of curing {unknown}
 e - a potion of heal wounds {unknown}
 m - a potion of resistance {unknown}
 o - a potion of magic {unknown}
 t - a potion of might {unknown}
 u - a potion of invisibility {unknown}
 w - a potion of brilliance {unknown}
 x - 2 potions of ambrosia {unknown}
Comestibles
 c - 4 bread rations
 f - a slice of pizza
 q - 2 fruits
 r - a meat ration
 v - 8 chunks of flesh


   Skills:
 - Level 3.7 Fighting
 + Level 6.0 Axes
 - Level 2.4 Armour
 - Level 2.1 Dodging
 + Level 0.3 Stealth


You had 3 spell levels left.
You didn't know any spells.

Dungeon Overview and Level Annotations

Branches:
Dungeon (3/15)

Altars:
Elyvilon
Trog

Annotations:
D:3 Jessica


Innate Abilities, Weirdness & Mutations

You reflexively headbutt those who attack you in melee.
You have a pair of horns on your head.


Message History

Trog accepts your kill.
Your Axes skill increases to level 6!
You feel sick.
Use which ability? (? or * to list)
Your skin crawls.
You feel resistant to hostile enchantments.
You feel slightly more hungry.
Jessica zaps a wand.
The magic dart hits you!
* * * LOW HITPOINT WARNING * * *
You feel sick.
Jessica grins evilly.
You hit Jessica.
Jessica is lightly wounded.
Jessica zaps a wand.
The magic dart hits you!
* * * LOW HITPOINT WARNING * * *
Use which ability? (? or * to list)
A red film seems to cover your vision as you go berserk!
You feel yourself moving faster!
You feel mighty!
You are feeling hungry.
You feel sick.
Jessica zaps a wand.
The magic dart hits you!
You die...

##....#.......#......
...#.......#.#...#
...##.....##.# ..#
...####.####.# ..
#............#
......#....†.#
......#......#..
.........†......#
.......@........#
.......@..........
..................
..................
..................
................#
................
...##..........


You could see Jessica.

Vanquished Creatures
  Robin (D:3)
  3 adders
  2 worms
  An orc (D:3)
  3 giant cockroaches
  11 goblins
  7 hobgoblins
  2 kobolds (D:2)
  2 ball pythons
  5 bats
  A giant newt (D:2)
  2 rats (D:1)
40 creatures vanquished.

Notes
Turn   | Place    | Note
--------------------------------------------------------------
     0 | D:1      | spinkules the Minotaur Berserker began the quest for the Orb.
     0 | D:1      | Reached XP level 1. HP: 19/19 MP: 0/0
   186 | D:1      | Reached skill level 4 in Axes
   196 | D:1      | Reached XP level 2. HP: 21/27 MP: 1/1
   624 | D:2      | Found a bloodstained altar of Trog.
   708 | D:2      | Acquired Trog's second power
   848 | D:2      | Found a faded altar to an unknown god.
   852 | D:2      | Reached skill level 5 in Axes
   852 | D:2      | Reached XP level 3. HP: 28/33 MP: 2/2
  1106 | D:3      | Noticed Robin
  1112 | D:3      | Killed Robin
  1228 | D:3      | Found a white marble altar of Elyvilon.
  1249 | D:3      | Noticed Jessica
  1252 | D:3      | Reached XP level 4. HP: 35/40 MP: 3/3
  1266 | D:3      | Reached skill level 6 in Axes
  1271 | D:3      | Killed from afar by Jessica

Vault maps used:
D:1:      minmay_arrival_diagonal_passages, solitary_fountain
D:2:      ecumenical_altar_2, first_bread, bloody_trog
D:3:      old_standard_altar, uniq_robin, uniq_jessica

Action                   |  1- 3 |  4- 6 || total
-------------------------+-------+-------++-------
Melee: Hand axe          |    86 |    14 ||   100
Invok: Berserk           |     1 |     1 ||     2
       Trog's Hand       |       |     1 ||     1
 Stab: Sleeping          |     1 |       ||     1
  Eat: Chunk             |     2 |       ||     2
